FIQ, neutral female sylph Wizard ---- --- --..| .. |...-- -. ---....| |..- |.*.|..| -...--- ---.--|..| ....-- |...| --.| |...---.--- |I| -<.....| -.- --..---- . ---- -- FIQ the Conjurer Experience level: 5 Strength: 18/99 Dexterity: 11 Constitution: 14 Intelligence: 18 Wisdom: 12 Charisma: 9 Health: 0(111) Energy: 37(42) Def: 11 Gold: 422 Moves: 1840 Dungeon seed: FoxOkDdE9KZyphxE Game ID: FIQ_1442510828 Your Inventory: Coins $ - 422 gold pieces Weapons a - a blessed +1 quarterstaff Comestibles s - 2 uncursed lichen corpses t - 2 uncursed tripe rations u - 4 uncursed food rations z - an uncursed sprig of wolfsbane Scrolls i - an uncursed scroll of light j - 2 uncursed scrolls of enchant armor q - 2 uncursed scrolls of destroy armor x - an uncursed scroll of scare monster A - an uncursed scroll of enchant weapon Spellbooks k - a blessed spellbook of force bolt l - a blessed spellbook of magic missile m - an uncursed spellbook of detect monsters Potions f - 2 uncursed potions of water g - an uncursed potion of booze h - an uncursed potion of paralysis o - an uncursed potion of gain energy p - an uncursed potion of healing v - a blessed potion of gain energy w - an uncursed potion of speed Rings c - an uncursed ring of regeneration d - an uncursed +1 ring of increase accuracy r - an uncursed +0 ring of increase accuracy Wands b - an uncursed wand of opening (0:6) y - a blessed wand of cancellation (0:5) Tools n - an uncursed magic marker (0:98) Spells and supernatural/magical abilities: Name Level Category Fail Memory a - force bolt 1 attack 0% 91% m - magic missile 2 attack 0% 91% n - detect monsters 1 divination 0% 91% W - pray for help -- divine ? -- Z - breathe disintegration -- ability ? -- Your skills at the end: Fighting Skills Weapon Skills quarterstaff [Basic] Spellcasting Skills attack spells [Basic] enchantment spells [Basic] Final Attributes: You were devoutly aligned. You were disintegration-resistant. You saw invisible. You had infravision. You were stealthy. You could fly. You were protected from shape changers. You were permanently polymorphed into a black dragon. You could not change from your current form. You are dead. Vanquished creatures: a black pudding an incubus a rock piercer a gray ooze a rothe 2 giant bats a hobgoblin 2 cave spiders 2 yellow molds a red mold a gnome 15 jackals a kobold 2 goblins a sewer rat 10 grid bugs 2 lichens a kobold zombie 5 newts 51 creatures vanquished. Voluntary challenges: You went without food. You never hit with a wielded weapon. You were illiterate. You never genocided any monsters. You never polymorphed an object. You never changed form. You used no wishes. You never split a pudding. You never wrote Elbereth's name. You never violated your personal moral code. Dungeon overview: The Dungeons of Doom: levels 1 to 4 Level 1 a fountain a long staircase Level 2 a fountain Level 3 a fountain, a sink Level 4 a fountain stairs to The Gnomish Mines The Gnomish Mines: Level 5 <- You were here stairs to The Dungeons of Doom History has recorded: On T:1 you entered the Dungeons of Doom to retrieve the Amulet of Yendor! On T:505 you reached level 2 of The Dungeons of Doom. On T:769 you advanced to experience level 2. On T:1011 you reached level 3 of The Dungeons of Doom. On T:1180 you advanced to experience level 3. On T:1191 you advanced to experience level 4. On T:1196 you advanced to experience level 5. On T:1396 you reached level 4 of The Dungeons of Doom. On T:1735 you reached level 1 of The Gnomish Mines. Score breakdown: Gold: 422 ( 42 points) Experience: 5 levels ( 400 points) Exploration: 5 levels ( 120 points) Discoveries: 0 items ( 0 points) Variety of kills: 19 monsters ( 950 points) Major goal: (nothing yet) ( 0 points) Survival: died (score multiplied by 3) Total score: 4536 Latest messages: You stop travelling. The jackal bites! The jackal misses the kitten. The kitten drops a potion. The kitten misses the jackal. You faint from lack of food. Something hits! (8x) Final status: Goodbye FIQ the Wizard, killed by a gnome king, while fainted from lack of food, while stuck in monster form... You died in The Gnomish Mines on dungeon level 5 with 4536 points, and 422 pieces of gold, after 1840 moves. You were level 5 with a maximum of 42 hit points when you died.